 Dungeon Crawl Stone Soup version 0.17-a0-1798-g879a7aa (webtiles) character file.

111 shakdrar the Distorting Demonspawn (level 4, 0/35 HPs)
             Began as a Demonspawn Abyssal Knight on Sept 10, 2015.
             Was a Believer of Lugonu.
             Slain by a ball python (1 damage)
             ... on level 5 of the Dungeon.
             The game lasted 00:08:53 (2935 turns).

shakdrar the Distorting Demonspawn (DsAK)           Turns: 2935, Time: 00:08:53

Health: 0/35       AC:  3    Str: 14    XL:     4   Next: 62%
Magic:  5/7        EV:  8    Int: 13    God:    Lugonu [**....]
Gold:   77         SH:  0    Dex: 12    Spells: 0 memorised, 3 levels left

rFire  . . .     SeeInvis .     a - +1 hand axe
rCold  . . .     Clarity  .     b - +0 leather armour
rNeg   . . .     SustAt   .     (no shield)
rPois  .         Gourm    .     (helmet restricted)
rElec  .         Spirit   .     (no cloak)
rCorr  .         Warding  .     (no gloves)
rMut   .         Stasis   .     (no boots)
MR     +....                    (no amulet)
Stlth  +.........               (no ring)
                                d - ring of protection from magic (curse)

@: about to teleport, constricted, somewhat resistant to hostile enchantments,
very unstealthy
A: horns 2
a: Depart the Abyss, Bend Space, Renounce Religion


You were on level 5 of the Dungeon.
You worshipped Lugonu.
Lugonu was pleased with you.
You were hungry.

You visited 1 branch of the dungeon, and saw 4 of its levels.
You visited the Abyss 1 time.

You collected 77 gold pieces.

Inventory:

Hand weapons
 a - a +1 hand axe (weapon)
Armour
 b - a +0 leather armour (worn)
 i - a +0 ring mail of fire resistance
Jewellery
 d - a cursed ring of protection from magic (left hand)
Magical devices
 e - a wand of slowing (19)
Scrolls
 g - a scroll of remove curse
Potions
 h - 2 potions of curing
Comestibles
 c - 2 bread rations


   Skills:
 - Level 3.0 Fighting
 + Level 3.1 Axes
 + Level 2.6 Armour
 - Level 0.8 Dodging
 + Level 4.3 Invocations


You had 3 spell levels left.
You didn't know any spells.

Dungeon Overview and Level Annotations

Branches:
Dungeon (5/15)
 Temple: D:4-7

Altars:
Dithmenos
Qazlal
The Shining One

Annotations:
D:3 Cenon's ghost, average VSTm


Innate Abilities, Weirdness & Mutations

You have a pair of horns on your head.


Message History

You are feeling hungry.
Use which ability?
Space bends around you!
You blink.
* * * LOW HITPOINT WARNING * * *
You feel slightly more hungry.
Found a stormy altar of Qazlal.
Read which item? (? for menu, Esc to quit)
As you read the scroll of teleportation, it crumbles to dust.
You feel strangely unstable.
The ball python bites you but does no damage.
The ball python grabs you. The ball python constricts you.
The hound barely misses you.
Your attempt to break free from the ball python fails, but you feel that another attempt might succeed.
The hound bites you.
* * * LOW HITPOINT WARNING * * *
The ball python misses you.
* * * LOW HITPOINT WARNING * * *
The ball python constricts you. The hound bites you but does no damage.
The ball python barely misses you.
You die...

./..............)
..........####.......
##%..........#...... .
#........[...#.....# ..
#....###.....#.....# #..
#....# #....$#.....###..
####'###.....##.........
......................._
............?..S@.......
...............h######..
........####.......# .
........#..........#
###....[...........#
#..........#######
#..........#
#..........#
#..........#


You could see a hound and a ball python.

Vanquished Creatures
  An orc wizard (D:3)
  An ooze (D:2)
  2 worms (D:2)
  2 giant geckos
  4 orcs (D:3)
  3 bats
  A giant cockroach (D:1)
  7 hobgoblins
  14 jackals
  4 quokkas
  2 ball pythons
  4 giant newts
  9 goblins
  6 kobolds
  7 rats
67 creatures vanquished.

Notes
Turn   | Place    | Note
--------------------------------------------------------------
     0 | Abyss:1  | shakdrar the Demonspawn Abyssal Knight began the quest for the Orb.
     0 | Abyss:1  | Reached XP level 1. HP: 18/18 MP: 2/2
     1 | D:1      | Escaped the Abyss
   232 | D:1      | Acquired Lugonu's first power
   303 | D:1      | Gained mutation: You have a pair of small horns on your head. [demonic ancestry]
   303 | D:1      | Reached XP level 2. HP: 24/24 MP: 4/4
   876 | D:1      | Reached XP level 3. HP: 29/29 MP: 5/5
  1314 | D:2      | Acquired Lugonu's second power
  1916 | D:2      | Found a shadowy altar of Dithmenos.
  2065 | D:2      | Gained mutation: You have a pair of horns on your head. [demonic ancestry]
  2065 | D:2      | Reached XP level 4. HP: 25/35 MP: 6/6
  2373 | D:2      | Reached skill level 4 in Invocations
  2378 | D:2      | Found a glowing golden altar of the Shining One.
  2638 | D:3      | Noticed Cenon's ghost (average VSTm)
  2911 | D:3      | You fall through a shaft for 2 floors!
  2911 | D:5      | Entered Level 5 of the Dungeon
  2933 | D:5      | Found a stormy altar of Qazlal.
  2935 | D:5      | HP: 1/35 [ball python (1)]
  2935 | D:5      | Slain by a ball python

Vault maps used:
D:1:      dpeg_arrival_tiny_a
D:2:      tso_altar, nicolae_dithmenos_shadow_blocks, first_bread
D:3:      uniq_iyjb
D:5:      nicolae_qazlal_style_of_elements

Action                   |  1- 3 |  4- 6 || total
-------------------------+-------+-------++-------
Melee: Hand axe          |   149 |    62 ||   211
Invok: Depart the Abyss  |     1 |       ||     1
       Bend Space        |       |     4 ||     4
  Use: Potion            |     2 |       ||     2
       Scroll            |     1 |     2 ||     3
  Eat: Chunk             |     3 |     2 ||     5
       Beef jerky        |       |     1 ||     1
